 Dungeon Crawl Stone Soup version 0.8.1-249-g5cfb859 character file.

101686 nobbworld3 the Swashbuckler (level 17, 121/121 HPs)
             Began as a Kobold Berserker on Aug 17, 2011.
             Was a High Priest of Trog.
             Got out of the dungeon alive.
             The game lasted 10:39:52 (51369 turns).

nobbworld3 the Swashbuckler (Kobold Berserker)     Turns: 51369, Time: 10:39:52

HP 121/121       AC 10     Str 18 Exp: 17/143629 (2316), need: 42871
MP  19/19        EV 35     Int  7      God: Trog [*****.]
Gold 1146        SH 22     Dex 24      Spells:  0 memorised, 18 levels left

Res.Fire  : . . .   See Invis. : +   C - +4,+7 short sword of Zukurchor {god gift, Res.Cold : + . . Warding : . . p - +1 leather armour of Insatiable Hunger {rP Life Prot.: . . . Conserve : + k - +2 buckler Res.Acid. : . . . Res.Corr. : . (no helmet)
Res.Poison: +       Clarity    : .   j - +2 cloak
Res.Elec. : +       Spirit.Shd : .   H - +0 pair of elf gauntlets
Sust.Abil.: . .     Stasis     : .   r - +0 pair of boots
Res.Mut.  : .       Ctrl.Telep.: .   D - amulet of conservation
Res.Rott. : .       Levitation : .   B - +6 ring of dexterity
Saprovore : + + .   Ctrl.Flight: .   R - +4 ring of evasion

@: extremely resistant to hostile enchantments, quite stealthy
A: carnivore 3, saprovore 2
a: Burn Spellbooks, Berserk, Trog's Hand, Brothers in Arms, Renounce Religion


You escaped.
You worshipped Trog.
Trog was exalted by your worship.
You were very full.

You visited 5 branches of the dungeon, and saw 28 of its levels.
You visited 2 portal chambers: ice cave, spiders nest.

You collected 2088 gold pieces.
You spent 962 gold pieces at shops.

Inventory:

Hand weapons
 a - the +4,+7 quick blade of Ruen {god gift, elec, +Inv rC+ Dex+3}
   (Trog gifted it to you on level 3 of the Lair of Beasts)

   Occasionally, upon striking a foe, it will discharge some electrical energy
   and cause terrible harm.
   It affects your dexterity (+3).
   It protects you from cold.
   It lets you turn invisible.
 b - a +1,+6 crossbow of flame {god gift}
 n - a +5,+4 katana {god gift}
 t - a +2,+4 scimitar of flaming
 x - the -2,-1 short sword of Polytheism {god gift, venom, rF+}
   (Trog gifted it to you on level 3 of the Lair of Beasts)

   It poisons the flesh of those it strikes.
   It protects you from fire.
 y - a +0,+8 dwarven anti-magic short sword {god gift}
 C - the +4,+7 short sword of Zukurchor (weapon) {god gift, slay orc, rElec rC+ MR SInv}
   (Trog gifted it to you on level 7 of the Dungeon)

   It is especially effective against all of orcish descent.
   It protects you from cold.
   It insulates you from electricity.
   It increases your resistance to enchantments.
   It enhances your eyesight.
 E - a +2,+4 orcish flail of holy wrath
 X - the +1,+0 short sword of Ocomn {god gift, freeze, rN+ Dex+3}
   (Trog gifted it to you on level 11 of the Dungeon)

   It has been specially enchanted to freeze those struck by it, causing extra
   injury to most foes and up to double damage against particularly susceptible
   opponents.
   It can also slow down cold-blooded creatures.
   It affects your dexterity (+3).
   It protects you from negative energy.
Missiles
 f - 34 +0 bolts
Armour
 i - a +0 shield
 j - a +2 cloak (worn)
 k - a +2 buckler (worn)
 l - the +5 pair of gloves of Abstinence {Str-5 Dex+3 Int+3}
   (You found it in an ice cave)

   It affects your strength (-5).
   It affects your intelligence (+3).
   It affects your dexterity (+3).
 o - a +3 leather armour
 p - the +1 leather armour of Insatiable Hunger (worn) {rPois}
   (You found it on level 2 of the Lair of Beasts)

   It protects you from poison.
 r - a +0 pair of boots (worn)
 z - the -3 leather armour of Wueph {Stlth++}
   (You found it on level 7 of the Lair of Beasts)

   It makes you much more stealthy.
 H - a +0 pair of elven gauntlets (worn)
 P - a +1 pair of boots
Magical devices
 e - a wand of frost (6)
 g - a wand of cold (6)
 q - a wand of polymorph other (2)
Comestibles
 c - 6 meat rations
 F - 2 royal jellies
Scrolls
 m - 3 scrolls of fear
 u - a scroll of blinking
 v - a scroll of silence
 L - 2 scrolls of teleportation
 M - a scroll of identify
 Q - a scroll of detect curse
 S - a scroll of magic mapping
 T - a scroll of amnesia
Jewellery
 h - an uncursed ring of levitation
 w - an uncursed amulet of resist mutation
 B - a +6 ring of dexterity (right hand)
 D - an amulet of conservation (around neck)
 G - an uncursed ring of ice
 I - an uncursed ring of life protection
 R - a +4 ring of evasion (left hand)
Potions
 d - a potion of porridge {unknown}
 s - 8 potions of healing
 A - 4 potions of heal wounds
 K - 3 potions of invisibility You had 2316 experience left.


   Skills:
 + Level 15 Fighting
 - Level 15 Short Blades
 - Level 3 Long Blades
 - Level 3 Maces & Flails
 - Level 3 Slings
 - Level 2 Crossbows
 - Level 8 Throwing
 + Level 5 Armour
 + Level 15 Dodging
 - Level 5 Stealth
 - Level 4 Stabbing
 - Level 8 Shields
 + Level 4 Traps & Doors
 - Level 1 Unarmed Combat
 + Level 1 Spellcasting
 + Level 3 Evocations


You had 18 spell levels left.
You didn't know any spells.

Dungeon Overview and Level Annotations

Branches:
Dungeon (17/27)            Temple (1/1) D:6             Orc (2/4) D:7
   Lair (7/8) D:12          Swamp (0/5) Lair:2       Shoals (1/5) Lair:4
  Slime (0/6) Lair:7         Hive (0/2) D:15          Vault (0/8) D:14

Altars:
Ashenzari
Cheibriados
Elyvilon
Fedhas
Kikubaaqudgha
Makhleb
Nemelex Xobeh
Okawaru
Sif Muna
The Shining One
Trog
Vehumet
Xom
Yredelemnul
Zin

Shops:
D:5: % Orc:1: [=

Annotations
Lair:1 exclusion: oklob plant


Innate Abilities, Weirdness & Mutations

You recuperate from illness quickly.
You are small and have problems with some larger weapons.
You are carnivorous and can eat meat at any time.
You can eat rotten meat.


Message History

There is an open door here.
There is an open door here.
A megabat comes into view.
There is an open door here.
There is a staircase leading out of the dungeon here.
Are you sure you want to leave the Dungeon?
You have escaped!

∙▒ ▒∙▒ ▒∙)∙∙∙∙∙
∙▒ ▒∙▒▒▒▒∙▒▒▒∙▒▒
∙▒ ▒∙▒▒∙∙∙▒∙∙∙▒
∙▒ ▒∙▒▒∙▒▒▒'▒▒▒
∙▒ ▒∙∙∙∙▒∙∙▒▒ ∙▒
▒▒∙∙▒▒▒'▒'▒▒▒▒
∙▒
▒∙∙∙▒∙∙▒▒∙∙∙∙∙
∙▒
▒∙▒▒▒'▒'▒■▒∙▒▒
∙▒▒▒∙▒<<@▒∙b▒▒∙▒
∙∙∙∙∙▒▒▒■▒'▒■▒∙▒
∙▒▒▒∙∙▒▒∙∙▒▒∙∙∙▒
∙▒ ▒▒∙▒▒▒▒'▒'▒∙▒
∙▒ ▒∙▒ ▒∙∙▒▒∙▒
∙▒ ▒∙▒ ▒▒▒'▒∙▒
∙▒ ▒∙▒ ▒∙∙∙▒
∙▒▒▒▒∙▒▒▒▒▒▒▒▒∙▒
∙∙∙∙∙∙∙∙∙∙∙∙∙∙∙▒


There were no monsters in sight!

Vanquished Creatures
  Louise (D:17)
  Snorg (D:17)
  A dragon (Lair:5)
  Harold (Lair:1)
  5 death yaks
  8 hydras
  An orc high priest (D:17)
  A sphinx skeleton (D:17)
  5 vapours (D:17)
  A centaur warrior (D:14)
  5 wizards
  2 unseen horrors
  A griffon (Lair:4)
  A giant amoeba (D:17)
  2 orc sorcerers (D:17)
  An orc knight (D:17)
  13 hill giants
  2 hydra zombies
  The ghost of crawlingbirds the Cleaver, an experienced DSBe of Trog (D:7)
  6 cyclopes
  An elephant slug (Lair:6)
  30 slime creatures
  6 black mambas
  A door mimic (D:10)
  A hellwing (D:17)
  3 weapon mimics
  3 wolf spiders (Port)
  3 spiny frogs
  A griffon skeleton (D:17)
  7 elephants
  20 ugly things
  4 komodo dragons
  An efreet (D:15)
  3 redbacks (Port)
  A spriggan (Lair:1)
  3 trolls
  An agate snail zombie (D:17)
  11 polar bears (Port)
  2 two-headed ogres
  2 queen bees
  A snapping turtle (Lair:4)
  13 giant toads
  A brown ooze (Lair:7)
  A blink frog zombie (D:14)
  7 blink frogs
  49 yaks
  A hungry ghost (D:14)
  6 fire drakes
  A vampire (D:17)
  11 hippogriffs
  3 manticores
  6 war dogs (Lair:3)
  A neqoxec (D:17)
  A soldier ant (D:17)
  A cyclops zombie (D:16)
  A necrophage (D:14)
  6 mottled dragons
  4 swamp worms (Lair:3)
  A manticore zombie (D:14)
  A human (shapeshifter) (D:17)
  4 giant goldfish
  3 ogres
  A yak zombie (D:14)
  9 gila monsters
  17 orc warriors
  Menkaure (D:5)
  A troll zombie (D:14)
  A boring beetle (Lair:6)
  7 centaurs
  2 yak skeletons
  3 sky beasts
  13 big kobolds
  9 crocodiles
  2 wargs (D:17)
  A brain worm (D:12)
  9 ice beasts
  4 giant slugs
  A yellow wasp zombie (D:11)
  17 wolves
  5 lava worms (Lair:6)
  8 water moccasins
  4 agate snails
  A soldier ant zombie (D:13)
  16 giant frogs
  2 jellyfish
  4 wights (D:12)
  4 lava snakes (Lair:6)
  2 quasits
  6 big fish
  4 electric eels
  38 killer bees
  12 hounds
  12 orc priests
  3 imps
  A big kobold skeleton (D:11)
  7 spiders (Port)
  3 porcupines
  4 hound skeletons
  2 eyes of draining
  2 scorpions
  21 orc wizards
  9 worker ants
  9 jellies
  8 iguanas
  Jessica (D:2)
  8 boggarts
  13 sheep
  A mummy (D:15)
  A goliath beetle zombie (D:15)
  16 snakes
  4 gnolls (D:16)
  A goliath beetle (D:7)
  40 green rats
  2 giant centipedes
  A giant centipede zombie (D:17)
  2 snake zombies
  A shadow imp (D:13)
  A giant mite (Lair:2)
  An iguana skeleton (D:11)
  20 worms
  21 grey rats (D:13)
  5 giant eyeballs
  3 oozes
  101 orcs
  9 giant cockroaches
  16 goblins
  12 hobgoblins
  31 jackals
  34 megabats
  9 quokkas
  2 small snakes
  7 giant geckos
  A giant gecko skeleton (D:5)
  6 giant newts
  2 giant spores
  A hobgoblin skeleton (D:8)
  24 illusory rakshasas
  7 killer bee larvae
  41 kobolds
  3 orc skeletons
  An orc zombie (D:5)
  40 rats
  6 ballistomycetes
  A butterfly (D:17)
  6 fungi
  7 plants
  9 toadstools
1089 creatures vanquished.

Vanquished Creatures (collateral kills)
  A frost giant (Port)
  Maud (Lair:2)
  2 hydras
  2 rakshasas (D:17)
  A death yak (Port)
  A soul eater (D:17)
  A black mamba (Lair:2)
  A hellwing (D:17)
  An ugly thing (D:17)
  4 polar bears (Port)
  A yak (Port)
  2 neqoxecs (D:17)
  A goliath beetle (D:17)
  An iron imp (D:17)
  A shadow imp (D:17)
  2 ufetubi (D:17)
  An orc (D:17)
  2 jackals (Lair:3)
26 creatures vanquished.

Vanquished Creatures (others)
  A rakshasa (D:17)
  11 slime creatures
  2 ugly things (D:17)
  A rock troll skeleton (D:17)
  A yak (Port)
  6 wolves (Port)
  A water moccasin (Lair:2)
  A big fish (Lair:5)
  A hound (D:15)
  An orc (D:14)
  A goblin (D:17)
  2 kobolds
  2 quokkas (Lair:3)
  A giant spore (D:12)
  6 illusory rakshasas (D:17)
  2 killer bee larvae (D:15)
  A rat (D:2)
  4 fungi
  A plant (Lair:2)
  15 toadstools
61 creatures vanquished.

Grand Total: 1176 creatures vanquished

Notes
Turn   | Place    | Note
--------------------------------------------------------------
     0 | D:1      | nobbworld3, the Kobold Berserker, began the quest for the Orb.
     0 | D:1      | Reached XP level 1. HP: 13/13 MP: 0/0
   276 | D:1      | Reached skill level 1 in Short Blades
   280 | D:1      | Reached XP level 2. HP: 7/17 MP: 1/1
   286 | D:1      | HP: 1/25 [goblin/orcish club (2)]
   969 | D:1      | Reached XP level 3. HP: 12/22 MP: 2/2
  1326 | D:2      | Acquired Trog's second power
  1721 | D:2      | Reached skill level 1 in Stealth
  1794 | D:2      | Reached XP level 4. HP: 23/26 MP: 3/3
  2066 | D:2      | Noticed Jessica
  2156 | D:2      | Defeated Jessica
  2332 | D:2      | Reached skill level 4 in Dodging
  2838 | D:3      | Reached XP level 5. HP: 32/32 MP: 4/4
  4074 | D:4      | Paralysed by a giant eyeball for 4 turns
  4083 | D:4      | Reached skill level 1 in Stabbing
  4215 | D:4      | Reached XP level 6. HP: 35/35 MP: 5/5
  4247 | D:5      | Entered Level 5 of the Dungeon
  4535 | D:5      | Reached skill level 5 in Short Blades
  4606 | D:5      | Found Lacw's Food Shoppe.
  4895 | D:5      | Noticed Menkaure
  4906 | D:5      | Defeated Menkaure
  5050 | D:5      | Reached skill level 5 in Dodging
  5210 | D:5      | Reached XP level 7. HP: 28/42 MP: 6/6
  5350 | D:6      | Found a bloodstained altar of Trog.
  5408 | D:6      | Reached skill level 6 in Short Blades
  5512 | D:6      | Reached skill level 1 in Shields
  5685 | D:6      | Acquired Trog's third power
  5917 | D:6      | Reached XP level 8. HP: 28/46 MP: 7/7
  5976 | D:6      | Reached skill level 7 in Short Blades
  6089 | D:6      | Found a staircase to the Ecumenical Temple.
  6303 | D:6      | Found a sparkling altar of Nemelex Xobeh.
  6369 | D:6      | Got a fine large shield
  6639 | D:6      | Reached skill level 8 in Short Blades
  6693 | D:6      | Noticed a big kobold
  6693 | D:6      | Noticed a big kobold
  6693 | D:6      | Noticed a big kobold
  6724 | D:6      | Noticed a big kobold
  6735 | D:6      | Defeated a big kobold
  6739 | D:6      | Noticed a big kobold
  6755 | D:6      | Defeated a big kobold
  6771 | D:6      | Defeated a big kobold
  6775 | D:6      | Noticed a big kobold
  6776 | D:6      | Noticed a big kobold
  6813 | D:6      | Defeated a big kobold
  6886 | D:6      | Noticed a big kobold
  6893 | D:6      | Defeated a big kobold
  6898 | D:6      | Defeated a big kobold
  6918 | D:6      | Reached skill level 5 in Fighting
  6927 | D:6      | Defeated a big kobold
  6928 | D:6      | Noticed a big kobold
  6943 | D:6      | Defeated a big kobold
  6963 | D:6      | Defeated a big kobold
  6978 | D:6      | Reached skill level 9 in Short Blades
  7133 | D:6      | Reached XP level 9. HP: 54/54 MP: 8/8
  7380 | Temple   | Entered the Ecumenical Temple
  7982 | D:7      | Found a staircase to the Orcish Mines.
  8315 | D:7      | Noticed crawlingbirds' ghost (experienced DSBe)
  8351 | D:7      | Defeated crawlingbirds' ghost
  8688 | D:7      | Reached skill level 10 in Short Blades
  9252 | D:7      | Received a gift from Trog
  9255 | D:7      | Got a shimmering short sword {god gift}
  9256 | D:7      | Identified the short sword of Zukurchor {god gift, slay orc, rElec rC+ MR SInv} (Trog gifted it to you on level 7 of the Dungeon)
  9415 | Orc:1    | Entered Level 1 of the Orcish Mines
  9711 | Orc:1    | Found Hasemeell's Armour Shoppe.
  9740 | Orc:1    | Found Dossaes' Jewellery Shoppe.
 10001 | D:7      | Reached XP level 10. HP: 52/58 MP: 9/9
 10279 | Orc:1    | Bought a +4 ring of evasion for 490 gold pieces
 10314 | Orc:2    | Reached skill level 11 in Short Blades
 10457 | Orc:2    | Found an iron altar of Okawaru.
 10457 | Orc:2    | Noticed Joseph
 10775 | D:8      | Found a blossoming altar of Fedhas.
 10924 | D:8      | Found a shattered altar of Ashenzari.
 11855 | D:9      | Reached skill level 1 in Unarmed Combat
 11861 | D:9      | Received a gift from Trog
 12083 | D:9      | Reached skill level 1 in Traps & Doors
 12348 | D:9      | Reached skill level 12 in Short Blades
 12653 | D:10     | Entered Level 10 of the Dungeon
 12963 | D:10     | Reached XP level 11. HP: 53/66 MP: 10/10
 13249 | D:10     | Reached skill level 13 in Short Blades
 14330 | D:11     | Received a gift from Trog
 14338 | D:11     | Got a crystal short sword {god gift}
 14341 | D:11     | Identified the short sword of Ocomn {god gift, freeze, rN+ Dex+3} (Trog gifted it to you on level 11 of the Dungeon)
 14715 | D:11     | Reached skill level 14 in Short Blades
 15054 | D:8      | Paralysed by a giant eyeball for 4 turns
 16375 | D:12     | Found a white marble altar of Elyvilon.
 16600 | D:12     | Reached XP level 12. HP: 72/72 MP: 11/11
 16858 | D:12     | Found a staircase to the Lair.
 17463 | Lair:1   | Entered Level 1 of the Lair of Beasts
 17566 | Lair:1   | Found a blossoming altar of Fedhas.
 17715 | Lair:1   | Noticed Harold
 17735 | Lair:1   | Defeated Harold
 17798 | Lair:1   | Reached skill level 1 in Evocations
 17819 | Lair:1   | Reached skill level 5 in Shields
 18050 | Lair:1   | Found a frozen archway.
 18129 | IceCv    | Entered an ice cave
 18629 | IceCv    | Reached skill level 10 in Dodging
 18910 | IceCv    | Reached skill level 15 in Short Blades
 19156 | IceCv    | Got a pair of polished gloves
 20010 | IceCv    | Received a gift from Trog
 20184 | IceCv    | Got a jewelled quick blade {god gift}
 20257 | IceCv    | Reached XP level 13. HP: 61/82 MP: 12/12
 20449 | IceCv    | Got a smoking sling
 20478 | Lair:1   | Identified the +5 pair of gloves of Abstinence (You found it in an ice cave)
 20481 | Lair:1   | Identified the quick blade "Hiarij" {god gift, holy, -TELE rN+ MR SInv} (Trog gifted it to you in an ice cave)
 20643 | Lair:1   | Identified the cursed sling "Ruatuit" {frost, MUT rPois rC+ Dex+2} (You found it in an ice cave)
 21027 | Lair:2   | Noticed Maud
 21029 | Lair:2   | Defeated Maud
 21323 | Lair:2   | Found a staircase to the Swamp.
 21960 | Lair:2   | Found a crumbling entrance.
 22001 | Spider   | Entered a spider's nest
 22069 | Spider   | Reached skill level 10 in Fighting
 22788 | Lair:2   | Got a slimy leather armour
 22797 | Lair:2   | Identified the +1 leather armour of Insatiable Hunger (You found it on level 2 of the Lair of Beasts)
 23644 | Lair:3   | Received a gift from Trog
 24131 | Lair:3   | Reached skill level 1 in Throwing
 25457 | Lair:3   | Received a gift from Trog
 25460 | Lair:3   | Got a faintly glowing short sword {god gift}
 25782 | Lair:2   | Identified the short sword of Polytheism {god gift, venom, rF+} (Trog gifted it to you on level 3 of the Lair of Beasts)
 26398 | Lair:3   | Reached skill level 5 in Armour
 27759 | Lair:4   | Reached XP level 14. HP: 82/91 MP: 13/13
 27918 | Lair:3   | Received a gift from Trog
 27921 | Lair:3   | Got an ichor-stained quick blade {god gift}
 27997 | Lair:2   | Identified the quick blade of Ruen {god gift, elec, +Inv rC+ Dex+3} (Trog gifted it to you on level 3 of the Lair of Beasts)
 28105 | Lair:4   | Reached skill level 5 in Stealth
 28146 | Lair:4   | Found a staircase to the Shoals.
 29169 | Shoals:1 | Entered Level 1 of the Shoals
 30758 | D:13     | Received a gift from Trog
 32261 | D:14     | Found a staircase to the Vaults.
 33222 | D:15     | Entered Level 15 of the Dungeon
 33832 | D:15     | Found a staircase to the Hive.
 34299 | D:15     | Reached skill level 5 in Throwing
 35622 | Lair:1   | Reached skill level 1 in Slings
 35710 | D:14     | Received a gift from Trog
 36364 | D:16     | Reached XP level 15. HP: 103/103 MP: 14/14
 37346 | D:16     | Reached skill level 1 in Spellcasting
 37502 | D:16     | Received a gift from Trog
 38115 | D:17     | Noticed Snorg
 38142 | D:17     | Defeated Snorg
 38208 | D:17     | Reached skill level 1 in Long Blades
 38949 | D:14     | Noticed a hell knight
 39410 | D:17     | Noticed Louise
 39416 | D:17     | Noticed a vapour
 39447 | D:17     | Defeated a vapour
 39482 | D:17     | Defeated Louise
 39673 | D:17     | Noticed a vapour
 39690 | D:17     | Defeated a vapour
 39801 | D:17     | Noticed a vapour
 40036 | D:17     | Reached skill level 15 in Dodging
 41613 | D:17     | Noticed a vapour
 41671 | D:17     | Defeated a vapour
 42021 | D:17     | Reached XP level 16. HP: 110/110 MP: 18/18
 42031 | D:17     | Received a gift from Trog
 42458 | D:17     | Defeated a vapour
 43470 | D:17     | Reached skill level 15 in Fighting
 43552 | D:17     | Noticed a vapour
 43570 | D:17     | Defeated a vapour
 44039 | Lair:2   | Paralysed by you for 7 turns
 44294 | Lair:2   | Reached skill level 1 in Crossbows
 44728 | Orc:1    | Bought an uncursed amulet of inaccuracy for 1 gold piece
 44747 | Orc:1    | Bought a +2 cloak for 217 gold pieces
 44747 | Orc:1    | Bought a +2 buckler for 254 gold pieces
 47596 | Lair:6   | Received a gift from Trog
 49203 | Lair:7   | Received a gift from Trog
 49338 | Lair:7   | Found a staircase to the Slime Pits.
 49725 | Lair:7   | Got a heavily runed leather armour
 49770 | Lair:7   | Identified the cursed -3 leather armour of Wueph (You found it on level 7 of the Lair of Beasts)
 50628 | Lair:7   | Reached XP level 17. HP: 107/121 MP: 19/19
 51369 | D:$      | Got out of the dungeon alive.
